 Dungeon Crawl Stone Soup version 0.26.1-10-gdfb7c7de75 (webtiles) character file.

Game seed: 17421764264038401232

10124 0gre the Frost Mage (level 11, -18/83 HPs)
             Began as a Gnoll Ice Elementalist on Apr 7, 2021.
             Was an Initiate of Gozag.
             Demolished by a catoblepas simulacrum (36 damage)
             ... on level 1 of the Lair of Beasts on Apr 8, 2021.
             The game lasted 01:13:29 (11899 turns).

0gre the Frost Mage (Gnoll Ice Elementalist)       Turns: 11899, Time: 01:13:30

Health: -18/83     AC:  8    Str: 11    XL:     11   Next: 57%
Magic:  14/23      EV: 18    Int: 24    God:    Gozag
Gold:   336        SH:  0    Dex: 16    Spells: 14/26 levels left

rFire    . . .     SeeInvis +   a - +6 great sword of Accord {vorpal, Int+4 SInv}
rCold    . . .     Faith    .   (shield currently unavailable)
rNeg     + . .     Spirit   .   e - +0 robe
rPois    .         Reflect  .   F - +2 hat
rElec    .         Harm     .   h - scarf {repulsion}
rCorr    .         Rampage  .   y - +1 pair of gloves
Will     .....                  G - +0 pair of boots
Stlth    ++++......             (no amulet)
HPRegen  0.23/turn              g - ring of positive energy
MPRegen  0.18/turn              (no ring)

@: hasted, repel missiles, very quick
A: distributed training, fangs 1, strong nose
a: Renounce Religion, Potion Petition, Call Merchant, Bribe Branch


You were on level 1 of the Lair of Beasts.
You worshipped Gozag.
Gozag was aware of your devotion.
You visited 2 branches of the dungeon, and saw 11 of its levels.

You collected 2302 gold pieces.
You spent 588 gold pieces at shops.
You paid 1378 gold pieces to Gozag.

Inventory:

Hand Weapons
 a - the +6 great sword of Accord (weapon) {vorpal, Int+4 SInv}
   (You bought it in a shop on level 6 of the Dungeon)

   It inflicts extra damage upon your enemies.
   It affects your intelligence (+4).
   It lets you see invisible.
 b - a +0 shortbow
 c - a +5 spear of freezing
 d - a +4 battleaxe of electrocution
Missiles
 f - 12 boomerangs (quivered)
 m - 87 bolts
 q - 27 poisoned darts
 s - 233 stones
 x - 78 arrows
 E - 3 silver boomerangs
Armour
 e - a +0 robe (worn)
 h - a scarf of repulsion (worn)
 y - a +1 pair of gloves (worn)
 D - a +0 cloak
 F - a +2 hat (worn)
 G - a +0 pair of boots (worn)
 I - a +0 hat of see invisible
Jewellery
 g - a ring of positive energy (left hand)
 n - an uncursed ring of positive energy
 t - an uncursed ring of poison resistance
Wands
 B - a wand of digging (9)
Scrolls
 j - a scroll of immolation
 p - 2 scrolls of fear
 r - a scroll of amnesia
 v - 3 scrolls of fog
 K - 2 scrolls of remove curse
Potions
 i - 2 potions of invisibility {unknown}
 k - 3 potions of attraction {unknown}
 l - 4 potions of haste
 o - 2 potions of mutation {unknown}
 u - 2 potions of resistance {unknown}
 z - 4 potions of lignification {unknown}
 A - 2 potions of curing {unknown}
 C - 2 potions of flight {unknown}
 H - 2 potions of berserk rage
 J - a potion of magic {unknown}
 L - 2 potions of might {unknown}


   Skills:
 + Level 6.4 Fighting
 + Level 6.4 Short Blades
 + Level 6.4 Long Blades
 + Level 6.4 Axes
 + Level 6.4 Maces & Flails
 + Level 6.4 Polearms
 + Level 6.4 Staves
 + Level 6.4 Slings
 + Level 6.4 Bows
 + Level 6.4 Crossbows
 + Level 6.4 Throwing
 + Level 6.4 Armour
 + Level 8.0 Dodging
 + Level 7.7 Stealth
 + Level 6.4 Shields
 + Level 6.4 Unarmed Combat
 + Level 8.2 Spellcasting
 + Level 5.3 Conjurations
 + Level 5.3 Hexes
 + Level 5.3 Summonings
 + Level 5.3 Necromancy
 + Level 5.3 Translocations
 + Level 5.3 Transmutations
 + Level 5.3 Fire Magic
 + Level 9.0 Ice Magic
 + Level 5.3 Air Magic
 + Level 5.3 Earth Magic
 + Level 5.3 Poison Magic
 + Level 7.0 Invocations
 + Level 6.4 Evocations


You had 14 spell levels left.
You knew the following spells:

 Your Spells              Type           Power        Failure   Level
a - Magic Dart            Conj           100%         1%          1
b - Frozen Ramparts       Ice            100%         1%          3
c - Summon Ice Beast      Ice/Summ       44%          3%          4
d - Mephitic Cloud        Conj/Pois/Air  35%          2%          3
q - Sandblast             Erth           70%          1%          1

Your spell library contained the following spells:

 Spells                   Type           Power        Failure   Level
 Animate Skeleton         Necr           70%          1%          1
 Foxfire                  Conj/Fire      100%         1%          1
 Freeze                   Ice            100%         1%          1
 Pain                     Necr           100%         1%          1
 Blink                    Tloc           N/A          1%          2
 Call Imp                 Summ           35%          1%          2
 Slow                     Hex            35%          1%          2
 Ozocubu's Armour         Ice            52%          1%          3
 Conjure Flame            Conj/Fire      35%          2%          3
 Inner Flame              Hex/Fire       35%          2%          3
 Vampiric Draining        Necr           17%          2%          3
 Hailstorm                Conj/Ice       44%          3%          4
 Animate Dead             Necr           17%          7%          4
 Sticky Flame             Conj/Fire      35%          7%          4
 Agony                    Necr           35%          21%         5
 Fireball                 Conj/Fire      17%          21%         5


Dungeon Overview and Level Annotations

Branches:
Dungeon (10/15)            Temple (0/1) D:5            Lair (1/6) D:9
    Orc: D:9-12

Altars:
Dithmenos
Elyvilon
Gozag
Kikubaaqudgha
Makhleb
Nemelex Xobeh
Ru
Sif Muna
Trog
Uskayaw
Xom
Yredelemnul
The Shining One

Shops:
D:2 *   D:5 :   D:6 :(


Innate Abilities, Weirdness & Mutations

Your experience applies equally to all skills.
You have very sharp teeth.
Your uncanny sense of smell can sniff out nearby items.


Message History

The frozen ramparts melt away as you move.
Your ice beast hits the catoblepas simulacrum but does no damage.
Your ice beast completely misses the catoblepas simulacrum.
The catoblepas simulacrum gores your ice beast!!
The catoblepas simulacrum freezes your ice beast.
Your ice beast completely resists.
Your ice beast hits the catoblepas simulacrum but does no damage.
The yak simulacrum gores the fungus.
The fungus begins to die.
The yak simulacrum freezes the fungus!
Your ice beast hits the catoblepas simulacrum but does no damage.
Your ice beast hits the catoblepas simulacrum but does no damage.
The catoblepas simulacrum gores your ice beast!
Your ice beast dies!
The yak simulacrum gores the fungus.
The yak simulacrum freezes the fungus!
Your ice beast hits the catoblepas simulacrum but does no damage.
The catoblepas simulacrum gores you!
* * * LOW HITPOINT WARNING * * *
The catoblepas simulacrum freezes you!!!
You die...
Your body crumbles into a pile of gold.

.................................
.....##....#.....................
.##.###.....#P.....#...........##
.#...P#....###...##............#.
.................................
.##..............###.............
.##.##...........# #.............
.##.##..###.####.# #...........##
.#.......##.## #@####..#P.......#
.........#P..###ZP##...##.≈≈≈≈≈.#
..............#YZ####..##.≈###≈.#
.#........###....$###..##.≈# #≈..
.#.....>.## #####..k#.....≈###≈..
.........# ..Z..###.Z.....≈≈≈≈≈..
........##..Z.....##............#
.#......#...###....##...........#
.#......#.....##...k#...#........


You could see 2 yak simulacra, a catoblepas simulacrum, an elephant simulacrum
(wandering) and a friendly ice beast (summoned).

Vanquished Creatures
  A hydra (Lair:1)
  The ghost of roke1 the Cleaver, a journeyman FoFi of Okawaru (Lair:1)
  A black mamba (Lair:1)
  2 cane toads (Lair:1)
  A komodo dragon (Lair:1)
  A rime drake (Lair:1)
  Grinder (D:4)
  Sigmund (D:5)
  A basilisk (Lair:1)
  A yak (D:9)
  6 water moccasins
  Duvessa (D:5)
  2 orc warriors
  2 sky beasts
  3 ice beasts
  3 wolves (Lair:1)
  3 phantoms
  2 necrophages
  3 centaurs
  An eye of draining (D:10)
  7 ogres
  5 big kobolds
  10 bullfrogs
  4 scorpions
  Dowan (D:5)
  3 killer bees (D:8)
  5 wights (D:10)
  2 howler monkeys
  An electric eel (D:9)
  A crimson imp (D:6)
  A lava snake (Lair:1)
  A centaur zombie (D:5)
  A bullfrog zombie (D:6)
  4 hounds
  2 quasits
  2 jellies
  6 orc priests
  Crazy Yiuf (D:5)
  A centaur skeleton (D:9)
  2 orc wizards
  2 iguanas (D:9)
  A bullfrog skeleton (D:9)
  12 worker ants
  A killer bee zombie (D:8)
  2 hound zombies
  A hound skeleton (D:5)
  A worker ant zombie (D:8)
  5 gnolls
  12 adders
  A shadow imp (D:10)
  5 white imps
  An ufetubus (D:5)
  2 adder skeletons
  2 dart slugs
  4 leopard geckos
  35 orcs
  2 giant cockroaches
  9 goblins
  12 hobgoblins
  7 jackals
  26 kobolds
  4 quokkas
  A ball python (D:4)
  6 bats
  8 frilled lizards
  A quokka zombie (D:7)
  2 rats (D:3)
262 creatures vanquished.

Vanquished Creatures (collateral kills)
  Gastronok (Lair:1)
  A water moccasin (Lair:1)
  2 hounds (D:8)
4 creatures vanquished.

Vanquished Creatures (others)
  A bullfrog skeleton (D:5)
  2 quokkas (D:3)
  15 fungi
  6 plants (D:9)
24 creatures vanquished.

Grand Total: 290 creatures vanquished

Notes
Turn   | Place    | Note
-------+----------+-------------------------------------------
     0 | D:1      | 0gre the Gnoll Ice Elementalist began the quest for the
                  | Orb.
     0 | D:1      | Reached XP level 1. HP: 13/13 MP: 6/6
   162 | D:1      | Reached XP level 2. HP: 9/19 MP: 4/7
   747 | D:2      | Found an opulent altar of Gozag.
   753 | D:2      | Found Gozag's Platinum Reserve.
   757 | D:2      | Became a worshipper of Gozag Ym Sagoz the Greedy
   942 | D:2      | Reached XP level 3. HP: 25/25 MP: 9/9
   946 | D:2      | Learned a level 3 spell: Frozen Ramparts
   961 | D:2      | Reached skill level 5 in Spellcasting
  1049 | D:2      | Found a sacrificial altar of Ru.
  1122 | D:2      | Reached skill level 1 in Invocations
  1238 | D:2      | Found a hide-covered altar of Uskayaw.
  1244 | D:2      | Reached skill level 1 in Fighting
  1244 | D:2      | Reached skill level 1 in Short Blades
  1244 | D:2      | Reached skill level 1 in Long Blades
  1244 | D:2      | Reached skill level 1 in Axes
  1244 | D:2      | Reached skill level 1 in Maces & Flails
  1244 | D:2      | Reached skill level 1 in Polearms
  1244 | D:2      | Reached skill level 1 in Staves
  1244 | D:2      | Reached skill level 1 in Slings
  1244 | D:2      | Reached skill level 1 in Bows
  1244 | D:2      | Reached skill level 1 in Crossbows
  1244 | D:2      | Reached skill level 1 in Throwing
  1244 | D:2      | Reached skill level 1 in Armour
  1244 | D:2      | Reached skill level 1 in Shields
  1244 | D:2      | Reached skill level 1 in Unarmed Combat
  1244 | D:2      | Reached skill level 1 in Evocations
  1309 | D:2      | Reached XP level 4. HP: 32/32 MP: 11/11
  1893 | D:3      | Reached skill level 1 in Conjurations
  1893 | D:3      | Reached skill level 1 in Hexes
  1893 | D:3      | Reached skill level 1 in Summonings
  1893 | D:3      | Reached skill level 1 in Necromancy
  1893 | D:3      | Reached skill level 1 in Translocations
  1893 | D:3      | Reached skill level 1 in Transmutations
  1893 | D:3      | Reached skill level 1 in Fire Magic
  1893 | D:3      | Reached skill level 1 in Air Magic
  1893 | D:3      | Reached skill level 1 in Earth Magic
  1893 | D:3      | Reached skill level 1 in Poison Magic
  2018 | D:3      | Found a shimmering blue altar of Sif Muna.
  2031 | D:3      | Reached XP level 5. HP: 8/37 MP: 8/12
  2032 | D:3      | Identified Sif Muna's Collected Works on the Mountains
  2269 | D:3      | Learned a level 1 spell: Sandblast
  2275 | D:3      | Found a bloodstained altar of Trog.
  2440 | D:3      | Found a white marble altar of Elyvilon.
  2647 | D:3      | Found a shadowy altar of Dithmenos.
  2973 | D:4      | Noticed a phantom
  2981 | D:4      | Reached XP level 6. HP: 38/44 MP: 8/13
  3005 | D:4      | Killed a phantom
  3006 | D:4      | Reached skill level 5 in Dodging
  3046 | D:4      | Reached XP level 7. HP: 16/50 MP: 10/15
  3584 | D:4      | Reached skill level 5 in Stealth
  3659 | D:4      | Noticed Grinder
  3666 | D:4      | Paralysed by Grinder for 4 turns
  3696 | D:4      | Killed Grinder
  3697 | D:4      | Reached XP level 8. HP: 49/57 MP: 3/16
  3966 | D:5      | Entered Level 5 of the Dungeon
  4023 | D:5      | Found a staircase to the Ecumenical Temple.
  4094 | D:5      | Learned a level 4 spell: Summon Ice Beast
  4257 | D:5      | Found Pekus's Book Boutique.
  4276 | D:5      | Noticed Sigmund
  4285 | D:5      | Killed Sigmund
  4584 | D:5      | Noticed Duvessa
  4584 | D:5      | Noticed Dowan
  4589 | D:5      | Killed Dowan
  4591 | D:5      | Killed Duvessa
  4726 | D:5      | Found a glowing golden altar of the Shining One.
  4728 | D:5      | Noticed an angel
  4743 | D:5      | Found a basalt altar of Yredelemnul.
  4745 | D:5      | Noticed a profane servitor
  4996 | D:5      | Found a runed translucent door.
  4997 | D:5      | Noticed Crazy Yiuf
  5005 | D:5      | Killed Crazy Yiuf
  5398 | D:6      | Reached XP level 9. HP: 59/65 MP: 12/18
  5437 | D:6      | Found Jabuorao's Book Shop.
  5862 | D:6      | Found a burning altar of Makhleb.
  6229 | D:6      | Bought a runed battleaxe for 266 gold pieces
  6366 | D:7      | Reached skill level 8 in Ice Magic
  7152 | D:7      | Found a sparkling altar of Nemelex Xobeh.
  7227 | D:7      | Reached skill level 5 in Invocations
  7578 | D:8      | Reached XP level 10. HP: 73/73 MP: 16/20
  7737 | D:8      | Reached skill level 5 in Fighting
  7737 | D:8      | Reached skill level 5 in Short Blades
  7737 | D:8      | Reached skill level 5 in Long Blades
  7737 | D:8      | Reached skill level 5 in Axes
  7737 | D:8      | Reached skill level 5 in Maces & Flails
  7737 | D:8      | Reached skill level 5 in Polearms
  7737 | D:8      | Reached skill level 5 in Staves
  7737 | D:8      | Reached skill level 5 in Slings
  7737 | D:8      | Reached skill level 5 in Bows
  7737 | D:8      | Reached skill level 5 in Crossbows
  7737 | D:8      | Reached skill level 5 in Throwing
  7737 | D:8      | Reached skill level 5 in Armour
  7737 | D:8      | Reached skill level 5 in Shields
  7737 | D:8      | Reached skill level 5 in Unarmed Combat
  7737 | D:8      | Reached skill level 5 in Evocations
  7757 | D:8      | Found a shimmering altar of Xom.
  8358 | D:9      | Found an ancient bone altar of Kikubaaqudgha.
  8787 | D:9      | Found a staircase to the Lair.
  9177 | D:10     | Entered Level 10 of the Dungeon
 10091 | D:10     | Learned a level 1 spell: Magic Dart
 10095 | D:10     | Learned a level 3 spell: Mephitic Cloud
 10462 | D:6      | Bought a shimmering great sword for 322 gold pieces
 10465 | D:6      | Identified the +6 great sword of Accord {vorpal, Int+4
                  | SInv} (You bought it in a shop on level 6 of the Dungeon)
 10544 | Lair:1   | Entered Level 1 of the Lair of Beasts
 10677 | Lair:1   | Noticed a six-headed hydra
 10678 | Lair:1   | Noticed a black mamba
 10680 | Lair:1   | Noticed a cane toad
 10687 | Lair:1   | Killed a black mamba
 10688 | Lair:1   | Reached XP level 11. HP: 24/81 MP: 14/22
 10691 | Lair:1   | Killed a six-headed hydra
 10692 | Lair:1   | Reached skill level 5 in Conjurations
 10692 | Lair:1   | Reached skill level 5 in Hexes
 10692 | Lair:1   | Reached skill level 5 in Summonings
 10692 | Lair:1   | Reached skill level 5 in Necromancy
 10692 | Lair:1   | Reached skill level 5 in Translocations
 10692 | Lair:1   | Reached skill level 5 in Transmutations
 10692 | Lair:1   | Reached skill level 5 in Fire Magic
 10692 | Lair:1   | Reached skill level 5 in Air Magic
 10692 | Lair:1   | Reached skill level 5 in Earth Magic
 10692 | Lair:1   | Reached skill level 5 in Poison Magic
 10745 | Lair:1   | Noticed Gastronok
 10802 | Lair:1   | Killed Gastronok
 11036 | Lair:1   | Found a runed translucent gate.
 11036 | Lair:1   | Found a runed translucent gate.
 11036 | Lair:1   | Found a runed translucent gate.
 11354 | Lair:1   | Noticed roke1's ghost (journeyman FoFi)
 11882 | Lair:1   | Killed roke1's ghost
 11883 | Lair:1   | Reached skill level 9 in Ice Magic
 11899 | Lair:1   | Demolished by a catoblepas simulacrum

Illustrated notes

Levels and vault maps discovered:
D:1:      erik_arrival_triangle_large, layout_rooms
D:2:      layout_loops_ring, lemuel_crystal_altar, hangedman_ru_absence,
          nicolae_gozag_zags_fifth_avenue
D:3:      layout_loops_ring, nzn_overflow_gifts_of_might_and_magic,
          elyvilon_altar_4, grunt_dithmenos_smoke_and_mirrors
D:4:      layout_cave_pools, uniq_grinder
D:5:      layout_loops_ring, grunt_temple_overflow_holy_war,
          minmay_temple_entry_trees, serial_shops, nicolae_shop_behind_doors,
          uniq_sigmund, uniq_crazy_yiuf_cottage, uniq_duvessa
D:6:      layout_cave_pools, makhleb_grotto_becter, serial_shops, shop
D:7:      layout_loops_cross, nemelex_xobeh_ov_fountains_minmay
D:8:      layout_loops_ring, kennysheep_little_box
D:9:      layout_long_grid, kiku_gazebo_garden_becter,
          grunt_lair_entry_orc_guard_hut, fungi_pond_lemuel
D:10:     layout_long_grid
Lair:1:   layout_gridlike, gammafunk_ghost_icy, uniq_gastronok

Skill      XL: |  1  2  3  4  5  6  7  8  9 10 11 |
---------------+----------------------------------+-----
Spellcasting   | 5 6 7 8 |  8.2
Invocations    | 1 2 3 4 5 6 7 |  7.0
Fighting       | 1 2 3 4 5 6 |  6.4
Short Blades   | 1 2 3 4 5 6 |  6.4
Long Blades    | 1 2 3 4 5 6 |  6.4
Axes           | 1 2 3 4 5 6 |  6.4
Maces & Flails | 1 2 3 4 5 6 |  6.4
Polearms       | 1 2 3 4 5 6 |  6.4
Staves         | 1 2 3 4 5 6 |  6.4
Slings         | 1 2 3 4 5 6 |  6.4
Bows           | 1 2 3 4 5 6 |  6.4
Crossbows      | 1 2 3 4 5 6 |  6.4
Throwing       | 1 2 3 4 5 6 |  6.4
Armour         | 1 2 3 4 5 6 |  6.4
Shields        | 1 2 3 4 5 6 |  6.4
Unarmed Combat | 1 2 3 4 5 6 |  6.4
Evocations     | 1 2 3 4 5 6 |  6.4
Conjurations   | 1 2 3 4 5 |  5.3
Hexes          | 1 2 3 4 5 |  5.3
Summonings     | 1 2 3 4 5 |  5.3
Necromancy     | 1 2 3 4 5 |  5.3
Translocations | 1 2 3 4 5 |  5.3
Transmutations | 1 2 3 4 5 |  5.3
Fire Magic     | 1 2 3 4 5 |  5.3
Air Magic      | 1 2 3 4 5 |  5.3
Earth Magic    | 1 2 3 4 5 |  5.3
Poison Magic   | 1 2 3 4 5 |  5.3
Dodging        | 5 6 7 8 |  8.0
Stealth        | 5 6 7 |  7.7
Ice Magic      | 8 9 |  9.0

Action                   |  1- 3 |  4- 6 |  7- 9 | 10-12 || total
-------------------------+-------+-------+-------+-------++-------
Melee: Dagger            |    15 |       |       |       ||    15
       War axe           |       |    32 |    99 |       ||   131
       Quarterstaff      |       |     3 |       |       ||     3
       Bite              |       |     1 |    15 |    13 ||    29
       Punch             |       |       |     2 |       ||     2
       Battleaxe         |       |       |    55 |   105 ||   160
       Spear             |       |       |     1 |     7 ||     8
       Shortbow          |       |       |     1 |       ||     1
       Great sword       |       |       |       |    33 ||    33
 Fire: Hunting sling     |    14 |    50 |    31 |       ||    95
       Shortbow          |       |       |    88 |   111 ||   199
Throw: Boomerang         |       |    17 |    55 |    25 ||    97
 Cast: Freeze            |    19 |     6 |     1 |       ||    26
       Frozen Ramparts   |       |     7 |    21 |    18 ||    46
       Sandblast         |       |     5 |    38 |    16 ||    59
       Summon Ice Beast  |       |       |     3 |     7 ||    10
       Mephitic Cloud    |       |       |       |     1 ||     1
Invok: Call Merchant     |       |       |     1 |       ||     1
       Potion Petition   |       |       |       |     1 ||     1
  Use: Scroll            |     1 |     4 |     9 |     3 ||    17
       Potion            |       |       |     3 |     4 ||     7
 Stab: Sleeping          |     3 |       |     2 |     3 ||     8
       Distracted        |       |       |     2 |     1 ||     3
Armor: Robe              |     6 |     3 |    30 |    27 ||    66
Dodge: Dodged            |    10 |    40 |   163 |   156 ||   369
       Repelled          |       |     1 |     1 |     2 ||     4
       Rpst.: Great sword |       |       |       |    11 ||    11
